 Dungeon Sprint DCSS version 0.21-a0-414-gba8bdf1 (webtiles) character file.

7 Kidiri the Ruffian (level 1, -7/17 HPs)
             Began as a Draconian Transmuter on Nov 2, 2017.
             Mangled by a scorpion (9 damage)
             ... in the Dungeon (Sprint III: "The Ten Rune Challenge").
             The game lasted 00:00:49 (162 turns).

Kidiri the Ruffian (Draconian Transmuter)            Turns: 162, Time: 00:00:50

Health: -7/17      AC:  5    Str: 12    XL:     1   Next: 83%
Magic:  4/4        EV: 12    Int: 13    God:
Gold:   2          SH:  0    Dex: 11    Spells: 4/5 levels left

rFire    . . .     SeeInvis .     - Unarmed
rCold    . . .     Gourm    .   (no shield)
rNeg     . . .     Faith    .   (armour unavailable)
rPois    .         Spirit   .   (helmet restricted)
rElec    .         Reflect  .   j - +0 cloak
rCorr    .         Harm     .   (no gloves)
MR       .....     NoTele   +   (no boots)
Stlth    +.........             (no amulet)
HPRegen  0.05/turn              (no ring)
MPRegen  0.09/turn              (no ring)

@: no status effects
A: unfitting armour, cold-blooded, AC +4
a: no special abilities


You were in the Dungeon.
You were not hungry.

You visited 1 branch You collected 2 gold pieces.

Inventory:

Missiles
 a - 12 arrows
Armour
 j - a +0 cloak (worn)
Scrolls
 i - a scroll of blinking
Potions
 e - a potion of heal wounds
 f - a potion of haste
 g - 2 potions of magic
 h - a potion of berserk rage
Books
 b - a book of Changes

   Spells                             Type                      Level
   a - Beastly Appendage              Transmutation                1
   b - Sticks to Snakes               Transmutation                2
   c - Spider Form                    Transmutation/Poison         3
   d - Ice Form                       Ice/Transmutation            4
   e - Blade Hands                    Transmutation                5
Comestibles
 c - a bread ration


   Skills:
 * Level 2.1 Fighting
 + Level 2.1 Dodging
 + Level 0.8 Stealth
 * Level 3.4 Unarmed Combat
 * Level 2.5 Spellcasting
 + Level 2.3 Transmutations


You had 4 spell levels left.
You knew the following spells:

 Your Spells              Type           Power        Failure   Level  Hunger
a - Beastly Appendage     Tmut           #.....       10%         1    #......


Dungeon Overview and Level Annotations

Branches:
Dungeon (1/1)

Altars:


Innate Abilities, Weirdness & Mutations

Your plain brown scales are hard. (AC +4)
You cannot fit into any form of body armour.
You are cold-blooded and may be slowed by cold attacks.


Message History

The scorpion poisons you!
Unknown command.
You feel better. The scorpion closely misses you.
You closely miss the scorpion.
The scorpion is severely wounded.
The scorpion stings you.
You hit the scorpion. Your kick misses the scorpion.
The scorpion is severely wounded.
Your talons disappear.
The scorpion stings you!
* * * LOW HITPOINT WARNING * * *
Unknown command.
You hit the scorpion.
The scorpion is severely wounded.
The scorpion closely misses you.
You hit the scorpion but do no damage.
The scorpion is severely wounded.
The scorpion stings you!
Ouch! That really hurt!
You die...

▓▓▓▓ ▓▓▓▓▓ ▓<.#
+...♣♣♣ ▓..#
#.....♣♣
▓#'####......♣
▓.....#s...≈♣
▓.....#@..≈≈♣♣♣
▓.....#..≈≈≈≈..
▓####'#..≈≈≈≈≈≈
▓.....#.≈≈≈≈≈≈.
▓.....#.≈≈≈≈≈..
▓.....#.≈≈≈....
▓'#####........
▓..............
▓▓▓▓▓▓▓▓▓▓▓▓▓▓▓


You could see a scorpion.

Vanquished Creatures
  An ooze (D)
  3 rats (D)
4 creatures vanquished.

Vanquished Creatures (others)
  5 hellions (D)
5 creatures vanquished.

Grand Total: 9 creatures vanquished

Notes
Turn   | Place    | Note
-------+----------+-------------------------------------------
     0 | D        | Kidiri the Draconian Transmuter began the quest for the Orb.
     0 | D        | Reached XP level 1. HP: 16/16 MP: 3/3
   101 | D        | Killed a hellion
   106 | D        | Killed a hellion
   115 | D        | Killed a hellion
   116 | D        | Killed a hellion
   116 | D        | Killed a hellion
   141 | D        | Noticed a scorpion
   162 | D        | Mangled by a scorpion

Vault maps used:
D:        dungeon_sprint_mu

Skill      XL: |  1 |
---------------+----+-----
Dodging        | 2 |  2.1
Fighting       | 2 |  2.1
Stealth        | |  0.8
Unarmed Combat | |  3.4
Spellcasting   | |  2.5
Transmutations | |  2.3

Action                   || total
-------------------------++-------
Melee: Unarmed           ||    25
       Kick              ||     4
       Headbutt          ||     1
 Cast: Beastly Appendage ||     4
  Use: Potion            ||     1
Armor: Skin              ||     3
Dodge: Dodged            ||    11

Table legend:
 A = Spawn XP
 B = Non-spawn XP
 C = Spawn XP percentage of total XP
 D = Spawn monster count
 E = Non-spawn monster count
 F = Spawn count percentage of total count
 G = Total turns spent on level
                    A         B        C        D         E        F      G
               +---------+---------+-------+---------+---------+-------+---------
         Total |       0 |      10 |   0.0 |       0 |       4 |   0.0 |   162
               +---------+---------+-------+---------+---------+-------+---------
             D |       0 |      10 |   0.0 |       0 |       4 |   0.0 |   162
               +---------+---------+-------+---------+---------+-------+---------
